 Dungeon Crawl Stone Soup version 0.29-a0-22-gbf593b16ee (webtiles) character file.

Game seed: 11515326657831182223

2748 HallandMoats the Fighter (level 9, -2/81 HPs)
             Began as a Ghoul Monk on Jan 29, 2022.
             Was a Believer of Qazlal.
             Slain by Harold (9 damage)
             ... on level 7 of the Dungeon.
             The game lasted 00:09:06 (7698 turns).

HallandMoats the Fighter (Ghoul Monk)               Turns: 7698, Time: 00:09:07

Health: -2/81      AC: 10    Str: 19    XL:     9   Next: 68%
Magic:  12/12      EV: 12    Int:  5    God:    Qazlal [**....]
Gold:   334        SH:  3    Dex: 11    Spells: 8/8 levels left

rFire   . . .      SeeInvis .     - Unarmed
rCold   + + .      Faith    .   (no shield)
rNeg    + + +      Spirit   .   q - +3 ring mail {rF+}
rPois   ∞          Reflect  .   (no helmet)
rElec   .          Harm     .   f - +0 cloak
rCorr   .          Rampage  .   (no gloves)
Will    +....                   (no boots)
Stlth   +.........              (no amulet)
HPRegen 0.00/turn               j - ring of Luessuys {Ice rPois Will+ Slay+3}
MPRegen 0.13/turn               (no ring)

@: mighty, inhibited regen
A: claws 1, cold resistance 1, negative energy resistance 3, inhibited
regeneration, torment resistance 2
a: Renounce Religion, Upheaval


You were on level 7 of the Dungeon.
You worshipped Qazlal.
Qazlal was pleased with you.
You visited 2 branches of the dungeon, and saw 8 of its levels.

You collected 334 gold pieces.

Inventory:

Armour
 f - a +0 cloak (worn)
 q - a +3 ring mail of fire resistance (worn)
Jewellery
 j - the ring of Luessuys (left claw) {Ice rPois Will+ Slay+3}
   (You found it on level 2 of the Dungeon)

   [ring of ice]

   It enhances your ice magic.
   Slay:      It affects your accuracy & damage with ranged weapons and melee
   (+3).
   rF:        It makes you vulnerable to fire.
   rC:        It protects you from cold.
   rPois:     It protects you from poison.
   Will:      It increases your willpower.
 k - a ring of ice
Wands
 b - a wand of flame (57)
 p - a wand of charming (4)
Scrolls
 d - 2 scrolls of teleportation {unknown}
 e - 2 scrolls of magic mapping
 g - 4 scrolls of silence
 n - 3 scrolls of amnesia
 o - 3 scrolls of enchant armour {unknown}
 r - a scroll of blinking {unknown}
Potions
 a - 2 potions of magic {unknown}
 c - 2 potions of might
 h - 2 potions of attraction {unknown}
 i - 3 potions of curing
 l - a potion of cancellation {unknown}
 m - 2 potions of ambrosia {unknown}
 s - 2 potions of flight {unknown}


   Skills:
 * Level 8.2 Fighting
 + Level 4.2 Armour
 + Level 5.1 Dodging
 - Level 2.1 Stealth
 * Level 8.1 Unarmed Combat
 * Level 5.7 Invocations


You had 8 spell levels left.
You didn't know any spells.
Your spell library contained the following spells:

 Spells                   Type           Power      Damage    Failure   Level
 Animate Skeleton         Necr           0%         N/A       65%         1
 Pain                     Necr           0%         1d4       65%         1
 Vampiric Draining        Necr           0%         2d6       95%         3
 Petrify                  Tmut/Erth      0%         N/A       100%        4
 Irradiate                Conj/Tmut      0%         3d13      100%        5
 Sublimation of Blood     Necr           Unusable   N/A       N/A         2
 Blade Hands              Tmut           Unusable   N/A       N/A         5
 Dragon Form              Tmut           Unusable   N/A       N/A         7

Dungeon Overview and Level Annotations

Branches:
Dungeon (7/15)             Temple (1/1) D:5

Altars:
Ashenzari
Cheibriados
Dithmenos
Elyvilon
Fedhas
Gozag
Hepliaklqana
Kikubaaqudgha
Makhleb
Nemelex Xobeh
Okawaru
Qazlal
Ru
Sif Muna
Trog
Vehumet
Wu Jian
Xom
Yredelemnul
Zin
The Shining One

Shops:
D:3 (   D:4 (

Annotations:
D:4 1 runed translucent door, sirJeffrey23's ghost, novice DsMo
D:7 Harold


Innate Abilities, Weirdness & Mutations

You thrive by killing the living.
You are immune to poison.
You have sharp fingernails.
Your flesh is cold resistant. (rC+)
You are immune to negative energy. (rN+++)
You do not regenerate when monsters are visible.
You are immune to unholy pain and torment.


Message History

You are too injured to fight recklessly!
You are too injured to fight recklessly!
Okay, then.
Harold throws a throwing net.
The throwing net hits you.
You become entangled in the net!
There is an open door here.
You see here a throwing net.
You tear a large gash into the net.
Harold hits you from afar with a +0 trident.
Unknown command.
You struggle against the net.
Harold hits you from afar with a +0 trident.
You rip the net and break free!
Harold points at you and mumbles some strange words.
A sentinel's mark forms upon you.
Really walk into that teleport trap?
You enter a teleport trap!
The teleport trap disappears.
Your surroundings suddenly seem different.
You start resting.
Harold is nearby!
Harold is nearby!
As you read the scroll of identify, it crumbles to dust.
c - 3 potions of might You feel very mighty all of a sudden.
Harold throws a throwing net.
The throwing net hits you.
You become entangled in the net!
You tear a large gash into the net.
You shred the net and break free!
Harold hits you from afar with a +0 trident!
* * * LOW HITPOINT WARNING * * *
The sentinel's mark upon you fades away.
Harold hits you with a +0 trident!
* * * LOW HITPOINT WARNING * * *
You see here a wyvern skeleton.
You claw Harold!
Harold is moderately wounded.
You claw Harold!
Harold is heavily wounded.
Harold hits you with a +0 trident!
You die...

.........................#....#
.##...##..###...###+######.####
.##...##).###...###.######.######
.......+..............).........#
.(.....#...............)........#
.##+####..###...###'####.<.##..##
.##..##############...###### ###
.##..#.................#
.....#..........@@.....# .##..#
##..##.####..#..#
.##'#####..##.##########
........#............#
........#............#
.......##.....##.....#
.##....##.....##....##
.########.....#######
..#............#


You could see Harold.

Vanquished Creatures
  A wyvern (D:7)
  Duvessa (D:5)
  2 water moccasins
  4 black bears
  A necrophage (D:4)
  2 centaurs (D:5)
  3 ogres
  A kobold brigand (D:4)
  2 phantoms
  3 scorpions
  Dowan (D:5)
  4 wights (D:6)
  A centaur zombie (D:6)
  A bullfrog zombie (D:7)
  4 hounds (D:5)
  Crazy Yiuf (D:2)
  2 gnoll shamans
  A centaur skeleton (D:7)
  A bullfrog skeleton (D:5)
  Ijyb (D:3)
  Terence (D:2)
  An iguana (D:5)
  2 orc wizards (D:3)
  2 hound skeletons (D:5)
  17 gnolls
  7 adders
  3 shadow imps
  An ufetubus (D:5)
  An adder skeleton (D:4)
  A worm (D:2)
  3 dart slugs
  5 orcs
  6 endoplasms
  10 giant cockroaches
  6 hobgoblins
  7 jackals
  6 quokkas
  6 ball pythons
  8 bats
  4 frilled lizards
  6 goblins
  4 kobolds
  8 rats
152 creatures vanquished.

Vanquished Creatures (others)
  3 plants (D:3)
3 creatures vanquished.

Grand Total: 155 creatures vanquished

Notes
Turn   | Place    | Note
-------+----------+-------------------------------------------
     0 | D:1      | HallandMoats the Ghoul Monk began the quest for the Orb.
     0 | D:1      | Reached XP level 1. HP: 19/19 MP: 0/0
   539 | D:1      | Reached XP level 2. HP: 26/26 MP: 1/1
   705 | D:1      | Reached XP level 3. HP: 25/33 MP: 2/2
   716 | D:1      | Reached skill level 1 in Invocations
   840 | D:1      | Found a faded altar of an unknown god.
  1248 | D:2      | Identified the ring of Luessuys {Ice rPois Will+ Slay+3}
  1464 | D:2      | Noticed Terence
  1474 | D:2      | Killed Terence
  1475 | D:2      | Reached skill level 1 in Armour
  1475 | D:2      | Reached XP level 4. HP: 31/40 MP: 2/4
  1758 | D:2      | Found a runed translucent door.
  1759 | D:2      | Noticed Crazy Yiuf
  2065 | D:2      | Killed Crazy Yiuf
  2066 | D:2      | Reached XP level 5. HP: 9/46 MP: 0/5
  2369 | D:3      | Noticed a black bear
  2369 | D:3      | Found Xuinaoz's Antique Weapon Shoppe.
  2385 | D:2      | Killed a black bear
  2402 | D:3      | Reached XP level 6. HP: 53/53 MP: 6/6
  2802 | D:3      | Noticed Ijyb
  2837 | D:3      | Killed Ijyb
  2838 | D:3      | Reached skill level 5 in Fighting
  3226 | D:3      | Reached skill level 5 in Unarmed Combat
  3352 | D:3      | Reached XP level 7. HP: 50/61 MP: 7/7
  3746 | D:4      | Found Geiriun's Antique Weapon Boutique.
  3851 | D:4      | Reached XP level 8. HP: 30/70 MP: 9/9
  4389 | D:4      | Found a runed translucent door.
  4391 | D:4      | Noticed sirJeffrey23's ghost (novice DsMo)
  4464 | D:5      | Entered Level 5 of the Dungeon
  4655 | D:5      | Noticed Duvessa
  4656 | D:5      | Noticed Dowan
  4668 | D:5      | Killed Duvessa
  4679 | D:5      | Killed Dowan
  5477 | D:5      | Found a staircase to the Ecumenical Temple.
  5532 | Temple   | Entered the Ecumenical Temple
  5966 | Temple   | Became a worshipper of Qazlal Stormbringer
  5966 | Temple   | Reached * piety under Qazlal
  5966 | Temple   | Reached ** piety under Qazlal
  6032 | D:5      | Reached XP level 9. HP: 78/79 MP: 11/11
  6295 | D:6      | Found an iron altar of Okawaru.
  7075 | D:6      | Reached skill level 5 in Invocations
  7276 | D:7      | Reached skill level 5 in Dodging
  7642 | D:7      | Noticed Harold
  7644 | D:7      | Identified the +1 robe of the Sea {rC+}
  7698 | D:7      | Slain by Harold

Illustrated notes

Levels and vault maps discovered:
D:1:      lightli_arrival_quake, layout_rooms, ebering_ecumenical_altar_webs,
          hangedman_decor_riveting, minmay_cut_off
D:2:      layout_loops_ring, minmay_worlds_worst_comb, uniq_crazy_yiuf_cottage,
          uniq_terence
D:3:      layout_basic, serial_shops, nicolae_shop_overgrown_old_shop,
          nicolae_grassy_gnolls, uniq_ijyb
D:4:      layout_rooms, serial_shops, nicolae_shop_statue_plus,
          gammafunk_ghost_grave
D:5:      nicolae_cairo_tiling_large_dashed, layout_gridville,
          minmay_temple_entry_glassed_door, hangedman_decor_peaks_small,
          uniq_duvessa
D:6:      layout_basic, nicolae_overflow_hidden_temple
D:7:      layout_gridville, kennysheep_opposing_triangles, uniq_harold
Temple:   mainiacjoe_temple_big_plus

Skill      XL: |  1  2  3  4  5  6  7  8  9 |
---------------+----------------------------+-----
Invocations    | 1 2 3 4 5 |  5.7
Fighting       | 4 5 6 7 8 |  8.2
Armour         | 1 2 3 4 |  4.2
Dodging        | 3 4 5 |  5.1
Unarmed Combat | 4 5 6 7 8 |  8.1
Stealth        | |  2.1

Action                   |  1- 3 |  4- 6 |  7- 9 || total
-------------------------+-------+-------+-------++-------
Melee: Unarmed           |   132 |   114 |   279 ||   525
       Punch             |     4 |     2 |    16 ||    22
  Use: Scroll            |       |     3 |     3 ||     6
       Potion            |       |       |     2 ||     2
Armor: Robe              |     3 |       |       ||     3
       Scale mail        |    41 |    39 |       ||    80
       Ring mail         |       |    29 |   103 ||   132
Dodge: Dodged            |    76 |    82 |   173 ||   331
Block: Other             |       |       |    14 ||    14

Table legend: (Time is in decaauts)
 A = Elapsed time spent in this place.
 B = Non-inter-level travel time spent in this place.
 C = Inter-level travel time spent in this place.
 D = Time resting spent in this place.
 E = Time spent auto-exploring this place.
 F = Levels seen in this place.
 G = Mean time per level.
                   A        B        C        D        E       F      G
               +--------+--------+--------+--------+--------+-----+--------+
         Total |   7649 |   7395 |    254 |   1035 |   5273 |   8 |  956.1 |
       Dungeon |   7185 |   7004 |    181 |   1035 |   4889 |   7 | 1026.4 |
        Temple |    464 |    391 |     73 |      0 |    384 |   1 |  464.0 |
               +--------+--------+--------+--------+--------+-----+--------+

Top non-repeatable levels by time:
     D:2: 1240 daAuts
     D:5: 1236 daAuts
     D:3: 1221 daAuts
     D:1: 1129 daAuts
     D:6: 1080 daAuts
     D:4: 849 daAuts
  Temple: 464 daAuts
     D:7: 427 daAuts
